 Dungeon Crawl Stone Soup version 0.24-a0-582-g4d4af813a0 (webtiles) character file.

Game seed: 7500305334863914404

683 Gynju the Cleaver (level 7, 0/57 HPs)
             Began as a Minotaur Fighter on Aug 26, 2019.
             Killed by nerve-wracking pain
             ... invoked by an orc priest
              (13 damage)
             ... on level 4 of the Dungeon on Aug 27, 2019.
             The game lasted 00:17:44 (3905 turns).

Gynju the Cleaver (Minotaur Fighter)                Turns: 3905, Time: 00:17:45

Health: 0/57       AC: 10    Str: 23    XL:     7   Next: 35%
Magic:  6/6        EV:  7    Int:  5    God:
Gold:   232        SH:  9    Dex:  9    Spells: 6/6 levels left

rFire    . . .     SeeInvis .   a - +0 war axe
rCold    . . .     Gourm    .   c - +0 shield
rNeg     . . .     Faith    .   b - +0 scale mail
rPois    .         Spirit   .   (helmet restricted)
rElec    .         Reflect  .   q - +2 cloak
rCorr    .         Harm     .   (no gloves)
MR       .....                  (no boots)
Stlth    ..........             (no amulet)
HPRegen  0.19/turn              (no ring)
MPRegen  0.10/turn              (no ring)

@: no status effects
A: retaliatory headbutt, horns 2
a: no special abilities


You were on level 4 of the Dungeon.
You were not hungry.

You visited 1 branch of the dungeon, and saw 4 of its levels.

You collected 232 gold pieces.

Inventory:

Hand Weapons
 a - a +0 war axe (weapon)
 n - a +4 quarterstaff of chaos
Armour
 b - a +0 scale mail (worn)
 c - a +0 shield (worn)
 q - a +2 cloak (worn)
Jewellery
 l - an uncursed ring of protection from cold {unknown}
 o - an uncursed amulet of magic regeneration {unknown}
Scrolls
 g - a scroll of magic mapping {unknown}
 h - 2 scrolls of teleportation {unknown}
 i - a scroll of amnesia {unknown}
 k - 2 scrolls of noise {unknown}
 p - 4 scrolls of identify {unknown}
 s - a scroll of blinking {unknown}
 t - a scroll of enchant weapon {unknown}
Potions
 d - a potion of might
 e - a potion of flight {unknown}
 j - a potion of degeneration {unknown}
 m - a potion of curing {unknown}
 u - a potion of invisibility {unknown}
 v - a potion of lignification {unknown}
Comestibles
 f - 7 rations
 r - 4 chunks of flesh


   Skills:
 - Level 3.6 Fighting
 + Level 10.0 Axes
 - Level 3.6 Armour
 - Level 3.6 Shields


You had 6 spell levels left.
You didn't know any spells.
Your spell library contained the following spells:

 Spells                   Type           Power        Failure   Level  Hunger
 Animate Skeleton         Necr           N/A          99%         1    ##.....
 Apportation              Tloc           #.....       99%         1    ##.....
 Confusing Touch          Hex            #.....       99%         1    ##.....
 Summon Small Mammal      Summ           #...         99%         1    ##.....


Dungeon Overview and Level Annotations

Branches:
Dungeon (4/15)
 Temple: D:4-7

Altars:
Ashenzari
Xom
Yredelemnul


Innate Abilities, Weirdness & Mutations

You reflexively headbutt those who attack you in melee.
You have a pair of horns on your head.


Message History

You kill the orc wizard!
You hit the orc wizard.
The orc wizard hits you but does no damage.
You hit the orc but do no damage. You hit the orc wizard.
The orc wizard barely misses you. You furiously retaliate!
You headbutt the orc wizard!
You kill the orc wizard!
The orc hits you with a +0 hand axe.
* * * LOW HITPOINT WARNING * * *
You hit the orc.
The orc is heavily wounded.
You closely miss the orc priest. The orc hits you but does no damage.
The orc priest hits you but does no damage.
You hit the orc.
You kill the orc!
Your Axes skill increases to level 10!
You hit the orc priest.
The orc priest calls down the wrath of Beogh upon you.
Pain shoots through your body!
You die...

..#. ?.) ..#. ...
... . #....
#.#...(..
#.[..##.#......
...........
....##.#+#
#)o.....# #.
#.@##?# #.#
#.....# #.#
#.###.### #.# #.
#.#.# .# #.#
#.###.#.# .# #.#
#.......##########
.# ##.####
#####.#.##........
. #.....#
#...#......... .
#..#..#
##............


You could see an orc priest.

Vanquished Creatures
  Sigmund (D:3)
  A centaur zombie (D:3)
  5 orc priests
  Crazy Yiuf (D:2)
  An iguana (D:3)
  3 orc wizards
  A worker ant (D:4)
  9 adders
  3 worms
  3 dart slugs
  6 leopard geckos
  12 orcs
  2 giant cockroaches
  8 goblins
  5 hobgoblins
  6 jackals
  2 quokkas (D:3)
  2 bats
  4 frilled lizards
  10 kobolds
  12 rats
97 creatures vanquished.

Notes
Turn   | Place    | Note
-------+----------+-------------------------------------------
     0 | D:1      | Gynju the Minotaur Fighter began the quest for the Orb.
     0 | D:1      | Reached XP level 1. HP: 19/19 MP: 0/0
   153 | D:1      | Reached skill level 3 in Axes
   353 | D:1      | Reached XP level 2. HP: 26/26 MP: 1/1
   533 | D:1      | Reached skill level 4 in Axes
   762 | D:1      | Reached XP level 3. HP: 28/31 MP: 2/2
  1386 | D:2      | Reached skill level 5 in Axes
  1424 | D:2      | Reached XP level 4. HP: 30/39 MP: 3/3
  1824 | D:2      | Reached skill level 6 in Axes
  2140 | D:2      | Found a runed translucent door.
  2141 | D:2      | Noticed Crazy Yiuf
  2374 | D:2      | Killed Crazy Yiuf
  2374 | D:2      | Reached XP level 5. HP: 9/45 MP: 4/4
  2802 | D:2      | Reached skill level 7 in Axes
  3076 | D:3      | Reached XP level 6. HP: 42/51 MP: 5/5
  3370 | D:3      | Reached skill level 8 in Axes
  3382 | D:3      | Noticed Sigmund
  3390 | D:3      | Killed Sigmund
  3390 | D:3      | Reached skill level 9 in Axes
  3413 | D:3      | Reached XP level 7. HP: 53/57 MP: 6/6
  3818 | D:4      | Found a shattered altar of Ashenzari.
  3818 | D:4      | Found a basalt altar of Yredelemnul.
  3823 | D:4      | Found a shimmering altar of Xom.
  3905 | D:4      | Reached skill level 10 in Axes
  3905 | D:4      | Killed from afar by an orc priest

Levels and vault maps discovered:
D:1:      doesnt_arrival_eight_statues, layout_loops_corners
D:2:      cheibrodos_pilgrimage, layout_loops_ring, chequers_avenue,
          uniq_crazy_yiuf_cottage
D:3:      layout_rooms, kennysheep_generic_room_4, uniq_sigmund
D:4:      layout_basic, chequers_temple_overflow_statue_of_worship, first_ration

Skill      XL: |  1  2  3  4  5  6  7 |
---------------+----------------------+-----
Axes           | 3 4 5 6 7 9 10 | 10.0
Fighting       | |  3.6
Armour         | |  3.6
Shields        | |  3.6

Action                   |  1- 3 |  4- 6 |  7- 9 || total
-------------------------+-------+-------+-------++-------
Melee: War axe           |   100 |    94 |    35 ||   229
       Headbutt          |    12 |    15 |     4 ||    31
  Eat: Chunk             |     2 |     6 |     2 ||    10
Armor: Scale mail        |    32 |    36 |    16 ||    84
Dodge: Dodged            |    27 |    31 |     7 ||    65
Block: Shield            |    55 |    53 |    10 ||   118

Table legend:
 A = Non-vault XP
 B = Vault XP
 C = Vault XP percentage of total XP
 D = Non-vault monster count
 E = Vault monster count
 F = Vault count percentage of total count
                 A         B        C        D         E       F
            +---------+---------+-------+---------+---------+-------
      Total |     642 |     335 |  34.3 |      88 |       9 |   9.3
            +---------+---------+-------+---------+---------+-------
        D:1 |      49 |       0 |   0.0 |      28 |       0 |   0.0
        D:2 |     224 |      93 |  29.3 |      27 |       6 |  18.2
        D:3 |     233 |     242 |  50.9 |      24 |       3 |  11.1
        D:4 |     136 |       0 |   0.0 |       9 |       0 |   0.0
            +---------+---------+-------+---------+---------+-------
